TOP OF THE 1ST |
---|
Santa Clarita Music batting - Pitching for Yellowknife Claws : RHP Germán Pérez | Pitching: RHP Germán Pérez | | Batting: RHB Sergio Moreno | 0-0: Ball 1-0: Called Strike 1-1: Called Strike 1-2: Strikes out swinging | Batting: RHB Greg Grant | 0-0: Ball 1-0: SINGLE (Groundball, 3S) (infield hit) | Batting: RHB Jesús Morales | 0-0: Ball 1-0: Fly out, F4 (Popup, 4MD) | Batting: SHB Stan Gómez | 0-0: Fly out, F9 (Flyball, 9LS) | Top of the 1st over - 0 runs, 1 hit, 0 errors, 1 left on base; Santa Clarita 0 - Yellowknife 0 | BOTTOM OF THE 1ST |
---|
Yellowknife Claws batting - Pitching for Santa Clarita Music : RHP Juan García | Pitching: RHP Juan García | | Batting: RHB Sergio Ortíz | 0-0: Fly out, F9 (Flyball, 9D) | Batting: RHB Preston Church | 0-0: Called Strike 0-1: Foul Ball, location: 2F 0-2: Foul Ball, location: 2F 0-2: Ball 1-2: Ball 2-2: Foul Ball, location: 2F 2-2: Foul Ball, location: 2F 2-2: Ball 3-2: Base on Balls | Batting: LHB Richard Shelton | 0-0: Foul Ball, location: 2F 0-1: Ball 1-1: Ball 2-1: Ball 3-1: Base on Balls Preston Church to second | Batting: RHB Tomás Díaz | 0-0: Swinging Strike 0-1: DOUBLE (Flyball, 8LD) Preston Church scores Richard Shelton to third | Batting: RHB Mike Morrow | 0-0: Called Strike 0-1: Foul Ball, location: 2F 0-2: Ball 1-2: Ball 2-2: SINGLE (Groundball, 56D) Richard Shelton scores Tomás Díaz to third Runner from 3rd tries for Home, throw and OUT! | Batting: RHB Norberto Navarro | 0-0: SINGLE (Line Drive, 6D) Mike Morrow to second | Batting: LHB Mike Bowers | 0-0: Foul Ball, location: 2F 0-1: SINGLE (Line Drive, 4MD) Mike Morrow to third Norberto Navarro to second | Batting: LHB Steve Blankenship | 0-0: Ball 1-0: Foul Ball, location: 2F 1-1: Ball 2-1: Ball 3-1: SINGLE (Groundball, 4MD) Mike Morrow scores Norberto Navarro to third Mike Bowers to second Runner from 3rd tries for Home, SAFE, throw made home | Batting: LHB Anzai Yamaguchi | 0-0: Foul Ball, location: 2F 0-1: Swinging Strike 0-2: Strikes out swinging | Bottom of the 1st over - 4 runs, 5 hits, 0 errors, 2 left on base; Santa Clarita 0 - Yellowknife 4 | TOP OF THE 2ND |
---|
Santa Clarita Music batting - Pitching for Yellowknife Claws : RHP Germán Pérez | Batting: RHB Lyle Johnston | 0-0: Foul Ball, location: 2F 0-1: Ball 1-1: Called Strike 1-2: SOLO HOME RUN (Flyball, 7LD), Distance : 361 ft | Pitching: RHP Roberto Martínez | | Batting: RHB Juan Alvarado | 0-0: Ball 1-0: Foul Ball, location: 2F 1-1: SINGLE (Flyball, 7LS) | Batting: RHB Adam Gentry | 0-0: Ball 1-0: Called Strike 1-1: Called Strike 1-2: Foul Ball, location: 2F 1-2: Strikes out looking | Batting: RHB Tyler Bond | 0-0: Ball 1-0: Ball 2-0: Ground out U3 (Groundball, 34S) Juan Alvarado to second | Batting: LHB Roberto Martínez | Balk! Juan Alvarado to third 0-0: Ball 1-0: Fly out, F8 (Flyball, 89D) | Top of the 2nd over - 1 run, 2 hits, 0 errors, 1 left on base; Santa Clarita 1 - Yellowknife 4 | BOTTOM OF THE 2ND |
---|
Yellowknife Claws batting - Pitching for Santa Clarita Music : RHP Juan García | Batting: RHB Sergio Ortíz | 0-0: Called Strike 0-1: Hit by Pitch | Batting: RHB Preston Church | 0-0: Ball 1-0: Ball 2-0: Ball 3-0: Base on Balls Sergio Ortíz to second | Batting: LHB Richard Shelton | 0-0: Foul Ball, location: 2F 0-1: Grounds into double play, 4-6-3 (Groundball, 4) Sergio Ortíz to third | Batting: RHB Tomás Díaz | 0-0: Ball 1-0: Fly out, F7 (Flyball, 7) | Bottom of the 2nd over - 0 runs, 0 hits, 0 errors, 1 left on base; Santa Clarita 1 - Yellowknife 4 | TOP OF THE 3RD |
---|
Santa Clarita Music batting - Pitching for Yellowknife Claws : RHP Roberto Martínez | Batting: RHB Sergio Moreno | 0-0: Ground out 1-3 (Groundball, 15S) | Batting: RHB Greg Grant | 0-0: Ball 1-0: Foul Ball, location: 2F 1-1: Foul Ball, location: 2F 1-2: Ball 2-2: Foul Ball, location: 2F 2-2: Ball 3-2: Base on Balls | Batting: RHB Jesús Morales | 0-0: Ball 1-0: Ball Greg Grant steals 2nd base 2-0: Ball 3-0: Called Strike 3-1: Called Strike 3-2: Foul Ball, location: 2F 3-2: Foul Ball, location: 2F 3-2: DOUBLE (Line Drive, 9) Greg Grant scores | Batting: SHB Stan Gómez | 0-0: Called Strike 0-1: Ball 1-1: Foul Ball, location: 2F 1-2: Ball 2-2: Foul Ball, location: 2F 2-2: Foul Ball, location: 2F 2-2: SINGLE (Line Drive, 8LS) Jesús Morales to third Runner from 3rd tries for Home, SAFE, no throw | Batting: RHB Lyle Johnston | 0-0: Called Strike 0-1: Ball 1-1: Ball 2-1: Ball 3-1: Base on Balls Stan Gómez to second | Batting: RHB Juan Alvarado | 0-0: Called Strike Stan Gómez steals 3rd base Lyle Johnston to second 0-1: Ground out 5-3 (Groundball, 5) | Batting: RHB Adam Gentry | 0-0: Ball 1-0: Swinging Strike 1-1: Ball 2-1: Called Strike 2-2: Ball 3-2: Ground out 6-3 (Groundball, 6S) | Top of the 3rd over - 2 runs, 2 hits, 0 errors, 2 left on base; Santa Clarita 3 - Yellowknife 4 | BOTTOM OF THE 3RD |
---|
Yellowknife Claws batting - Pitching for Santa Clarita Music : RHP Juan García | Batting: RHB Mike Morrow | 0-0: Ball 1-0: Called Strike 1-1: Swinging Strike 1-2: Strikes out swinging | Batting: RHB Norberto Navarro | 0-0: Fly out, F6 (Popup, 6MS) | Batting: LHB Mike Bowers | 0-0: Ball 1-0: Ball 2-0: Ball 3-0: Base on Balls | Batting: LHB Steve Blankenship | 0-0: Called Strike 0-1: Foul Ball, location: 2F 0-2: Ball 1-2: Ball 2-2: Ball 3-2: Foul Ball, location: 2F 3-2: Ground out 6-3 (Groundball, 6) | Bottom of the 3rd over - 0 runs, 0 hits, 0 errors, 1 left on base; Santa Clarita 3 - Yellowknife 4 | TOP OF THE 4TH |
---|
Santa Clarita Music batting - Pitching for Yellowknife Claws : RHP Roberto Martínez | Batting: RHB Tyler Bond | 0-0: Swinging Strike 0-1: SINGLE (Line Drive, 8LM) | Batting: LHB Roberto Martínez | 0-0: Ball Wild Pitch! Tyler Bond to second 1-0: Called Strike 1-1: Swinging Strike 1-2: 2-RUN HOME RUN (Flyball, 9D), Distance : 391 ft | Pitching: LHP Gianluigi Bartolini | | Batting: RHB Sergio Moreno | 0-0: Ball 1-0: Ball 2-0: Ball 3-0: Base on Balls | Batting: RHB Greg Grant | 0-0: Ball 1-0: Ball 2-0: Ball 3-0: Base on Balls Sergio Moreno to second | Batting: RHB Jesús Morales | 0-0: Ball 1-0: Ball 2-0: Fly out, F4 (Popup, 4MD) | Batting: SHB Stan Gómez | 0-0: Called Strike 0-1: Swinging Strike 0-2: Strikes out swinging | Batting: RHB Lyle Johnston | 0-0: Ground out 4-3 (Groundball, 4) | Top of the 4th over - 2 runs, 2 hits, 0 errors, 2 left on base; Santa Clarita 5 - Yellowknife 4 | BOTTOM OF THE 4TH |
---|
Yellowknife Claws batting - Pitching for Santa Clarita Music : RHP Juan García | Batting: LHB Anzai Yamaguchi | 0-0: Called Strike 0-1: Foul Ball, location: 2F 0-2: Foul Ball, location: 2F 0-2: Ground out 4-3 (Groundball, 4) | Batting: RHB Sergio Ortíz | 0-0: Foul Ball, location: 2F 0-1: Ball 1-1: Ball 2-1: Ground out 6-3 (Groundball, 6) | Batting: RHB Preston Church | 0-0: Called Strike 0-1: Ball 1-1: Called Strike 1-2: SINGLE (Groundball, 34D) | Batting: LHB Richard Shelton | 0-0: Foul Ball, location: 2F 0-1: Ball 1-1: Ball 2-1: Ground out 4-3 (Groundball, 4) | Bottom of the 4th over - 0 runs, 1 hit, 0 errors, 1 left on base; Santa Clarita 5 - Yellowknife 4 | TOP OF THE 5TH |
---|
Santa Clarita Music batting - Pitching for Yellowknife Claws : LHP Gianluigi Bartolini | Batting: RHB Juan Alvarado | 0-0: Ball 1-0: Foul Ball, location: 2F 1-1: Foul Ball, location: 2F 1-2: Strikes out swinging | Batting: RHB Adam Gentry | 0-0: Foul Ball, location: 2F 0-1: TRIPLE (Groundball, 5L) | Batting: RHB Tyler Bond | 0-0: Swinging Strike 0-1: Ball 1-1: Ground out U3 (Groundball, 34) Adam Gentry scores | Batting: LHB Roberto Martínez | 0-0: Ground out 4-3 (Groundball, 4D) | Top of the 5th over - 1 run, 1 hit, 0 errors, 0 left on base; Santa Clarita 6 - Yellowknife 4 | BOTTOM OF THE 5TH |
---|
Yellowknife Claws batting - Pitching for Santa Clarita Music : RHP Juan García | Batting: RHB Tomás Díaz | 0-0: Called Strike 0-1: Ball 1-1: SINGLE (Groundball, 4D) | Pitching: LHP Nate Sharpley | | Batting: RHB Mike Morrow | 0-0: Swinging Strike 0-1: Foul Ball, location: 2F 0-2: Ball 1-2: Fly out, F7 (Line Drive, 7) | Batting: RHB Norberto Navarro | 0-0: Fly out, F7 (Flyball, 78S) | Batting: LHB Mike Bowers | 0-0: Swinging Strike 0-1: Ball 1-1: Ground out 1-3 (Groundball, 13) | Bottom of the 5th over - 0 runs, 1 hit, 0 errors, 1 left on base; Santa Clarita 6 - Yellowknife 4 | TOP OF THE 6TH |
---|
Santa Clarita Music batting - Pitching for Yellowknife Claws : LHP Gianluigi Bartolini | Batting: RHB Sergio Moreno | 0-0: Swinging Strike 0-1: Ball 1-1: Called Strike 1-2: Strikes out swinging | Batting: RHB Greg Grant | 0-0: Ball 1-0: Foul Ball, location: 2F 1-1: Fly out, F3 (Flyball, 3D) | Batting: RHB Jesús Morales | 0-0: SINGLE (Line Drive, 8LS) | Batting: SHB Stan Gómez | 0-0: Reached on error, E6 (Groundball, 6) Jesús Morales to second | Batting: RHB Lyle Johnston | 0-0: Fielders Choice at 2nd, 5-4 (Groundball, 5L) | Top of the 6th over - 0 runs, 1 hit, 1 error, 2 left on base; Santa Clarita 6 - Yellowknife 4 | BOTTOM OF THE 6TH |
---|
Yellowknife Claws batting - Pitching for Santa Clarita Music : LHP Nate Sharpley | Batting: LHB Steve Blankenship | 0-0: Called Strike 0-1: Called Strike 0-2: Foul Ball, location: 2F 0-2: Fly out, F8 (Line Drive, 8RM) | Batting: LHB Anzai Yamaguchi | 0-0: Called Strike 0-1: Ball 1-1: Ball 2-1: Ground out U3 (Groundball, 34S) | Batting: RHB Sergio Ortíz | 0-0: Ball 1-0: Ball 2-0: Ball 3-0: Base on Balls | Batting: RHB Preston Church | 0-0: Ball Sergio Ortíz steals 2nd base 1-0: Swinging Strike 1-1: Ball 2-1: Fly out, F3 (Popup, 34) | Bottom of the 6th over - 0 runs, 0 hits, 0 errors, 1 left on base; Santa Clarita 6 - Yellowknife 4 | TOP OF THE 7TH |
---|
Santa Clarita Music batting - Pitching for Yellowknife Claws : LHP Gianluigi Bartolini | Pitching: LHP Armando García | | Batting: RHB Juan Alvarado | 0-0: Ball 1-0: Foul Ball, location: 2F 1-1: Ball 2-1: Called Strike 2-2: Ball 3-2: Foul Ball, location: 2F 3-2: Ground out 1-3 (Groundball, P) | Batting: RHB Adam Gentry | 0-0: Called Strike 0-1: Ball 1-1: Ball 2-1: Fly out, F9 (Flyball, 9S) | Batting: RHB Tyler Bond | 0-0: Fly out, F7 (Line Drive, 78M) | Top of the 7th over - 0 runs, 0 hits, 0 errors, 0 left on base; Santa Clarita 6 - Yellowknife 4 | BOTTOM OF THE 7TH |
---|
Yellowknife Claws batting - Pitching for Santa Clarita Music : LHP Nate Sharpley | Batting: LHB Richard Shelton | 0-0: Ball 1-0: Ball 2-0: Ground out 3-1 (Groundball, 34) | Batting: RHB Tomás Díaz | 0-0: Called Strike 0-1: Foul Ball, location: 2F 0-2: Ground out 5-3 (Groundball, 56) | Batting: RHB Mike Morrow | 0-0: Foul Ball, location: 2F 0-1: Fly out, F7 (Flyball, 78M) | Bottom of the 7th over - 0 runs, 0 hits, 0 errors, 0 left on base; Santa Clarita 6 - Yellowknife 4 | TOP OF THE 8TH |
---|
Santa Clarita Music batting - Pitching for Yellowknife Claws : LHP Armando García | Batting: LHB Roberto Martínez | 0-0: Fly out, F9 (Flyball, 9S) | Batting: RHB Sergio Moreno | 0-0: Swinging Strike 0-1: Foul Ball, location: 2F 0-2: Strikes out swinging | Batting: RHB Greg Grant | 0-0: Ball 1-0: SINGLE (Groundball, 56D) | Batting: RHB Jesús Morales | 0-0: Ball 1-0: Called Strike 1-1: Foul Ball, location: 2F 1-2: Ball 2-2: Foul Ball, location: 2F 2-2: Fly out, F3 (Popup, 3F) | Top of the 8th over - 0 runs, 1 hit, 0 errors, 1 left on base; Santa Clarita 6 - Yellowknife 4 | BOTTOM OF THE 8TH |
---|
Yellowknife Claws batting - Pitching for Santa Clarita Music : LHP Nate Sharpley | Batting: RHB Norberto Navarro | 0-0: Called Strike 0-1: Swinging Strike 0-2: Fly out, F3 (Popup, 34) | Batting: LHB Mike Bowers | 0-0: Fly out, F6 (Line Drive, 6) | Batting: LHB Steve Blankenship | 0-0: Called Strike 0-1: Swinging Strike 0-2: Ball 1-2: Ball 2-2: Ball 3-2: DOUBLE (Groundball, 3L) | Batting: LHB Anzai Yamaguchi | 0-0: Ball 1-0: Called Strike 1-1: Fly out, F8 (Flyball, 8LM) | Bottom of the 8th over - 0 runs, 1 hit, 0 errors, 1 left on base; Santa Clarita 6 - Yellowknife 4 | TOP OF THE 9TH |
---|
Santa Clarita Music batting - Pitching for Yellowknife Claws : LHP Armando García | Batting: SHB Stan Gómez | 0-0: Ball 1-0: Called Strike 1-1: Foul Ball, location: 2F 1-2: Foul Ball, location: 2F 1-2: Strikes out swinging | Batting: RHB Lyle Johnston | 0-0: Ball 1-0: Ground out 5-3 (Groundball, 56) | Batting: RHB Juan Alvarado | 0-0: Called Strike 0-1: Foul Ball, location: 2F 0-2: Ground out 5-3 (Groundball, 5S) | Top of the 9th over - 0 runs, 0 hits, 0 errors, 0 left on base; Santa Clarita 6 - Yellowknife 4 | BOTTOM OF THE 9TH |
---|
Yellowknife Claws batting - Pitching for Santa Clarita Music : LHP Nate Sharpley | Batting: RHB Sergio Ortíz | 0-0: Fly out, F9 (Flyball, 89D) | Batting: RHB Preston Church | 0-0: Ball 1-0: Fly out, F8 (Flyball, 8RD) | Batting: LHB Richard Shelton | 0-0: Fly out, F5 (Popup, 25F) | Bottom of the 9th over - 0 runs, 0 hits, 0 errors, 0 left on base; Santa Clarita 6 - Yellowknife 4 | |